 Dungeon Crawl Stone Soup version 0.29-a0-92-gee772dd00f (webtiles) character file.

Game seed: 15471237686254959125

240 siradein the Insei (level 5, -6/45 HPs)
             Began as a Draconian Transmuter on Feb 10, 2022.
             Killed from afar by Pikel (36 damage)
             ... with a bolt of acid
             ... on level 4 of the Dungeon.
             The game lasted 00:07:57 (2830 turns).

siradein the Insei (Draconian Transmuter)           Turns: 2830, Time: 00:07:58

Health: -6/45      AC:  3    Str: 12    XL:     5   Next: 79%
Magic:  9/9        EV: 13    Int: 15    God:
Gold:   170        SH:  0    Dex: 18    Spells: 4/10 levels left

rFire   . . .      SeeInvis .   o - +1 club (spect)
rCold   + . .      Faith    .   (no shield)
rNeg    . . .      Spirit   .   (armour unavailable)
rPois   .          Reflect  .   (helmet restricted)
rElec   .          Harm     .   q - +1 cloak
rCorr   .          Rampage  .   (no gloves)
Will    .....                   (no boots)
Stlth   ++........              (no amulet)
HPRegen 0.15/turn               b - +6 ring of dexterity
MPRegen 0.11/turn               g - ring of protection from cold

@: corroded
A: AC +5, unfitting armour, cold-blooded
a: no special abilities


You were on level 4 of the Dungeon.
You visited 1 branch of the dungeon, and saw 4 of its levels.

You collected 170 gold pieces.

Inventory:

Hand Weapons
 o - a +1 spectral club (weapon)
Armour
 q - a +1 cloak (worn)
Jewellery
 b - a +6 ring of dexterity (left hand)
 g - a ring of protection from cold (right hand)
Scrolls
 a - a scroll of acquirement
 d - a scroll of vulnerability {unknown}
 f - a scroll of teleportation {unknown}
 h - a scroll of fog {unknown}
 i - a scroll of magic mapping {unknown}
 l - a scroll of noise {unknown}
 n - a scroll of blinking {unknown}
 r - a scroll of enchant armour {unknown}
Potions
 c - 2 potions of curing
 e - 2 potions of brilliance
 j - a potion of magic
 k - a potion of degeneration {unknown}
 m - a potion of haste {unknown}
 p - a potion of heal wounds {unknown}


   Skills:
 + Level 3.0 Fighting
 + Level 2.9 Dodging
 + Level 3.9 Unarmed Combat
 + Level 3.0 Spellcasting
 + Level 3.2 Transmutations


You had 4 spell levels left.
You knew the following spells:

 Your Spells              Type           Power      Damage    Failure   Level
a - Beastly Appendage     Tmut           22%        N/A       5%          1
b - Wereblood             Tmut           11%        N/A       9%          2
c - Spider Form           Tmut/Pois      7%         N/A       30%         3

Your spell library contained the following spells:

 Spells                   Type           Power      Damage    Failure   Level
 Ice Form                 Ice/Tmut       7%         N/A       71%         4


Dungeon Overview and Level Annotations

Branches:
Dungeon (4/15)
 Temple: D:4-7

Altars:

Shops:
D:3 (

Annotations:
D:4 Pikel


Innate Abilities, Weirdness & Mutations

Your plain brown scales are hard. (AC +5)
You cannot fit into any form of body armour.
You are cold-blooded and may be slowed by cold attacks.


Message History

You kill the hound!
Your Fighting skill increases to level 3!
Your Spellcasting skill increases to level 3!
No target in view!
No target in view!
No target in view!
A dart slug comes into view.
Your horns disappear.
Your talons disappear.
A dart slug is nearby!
A dart slug is nearby!
A dart slug is nearby!
You grow a pair of large bovine horns.
Your feet morph into talons.
Found a ring mail.
The dart slug bites you but does no damage.
You see here 16 gold pieces.
You completely miss the dart slug.
Your +1 spectral club hits the dart slug.
The dart slug launches a dart at you. The slug dart misses you.
You hit the dart slug.
You kill the dart slug!
No target in view!
You now have 153 gold pieces (gained 16).
e - 2 potions of brilliance (gained 1)
Your transformation is almost over.
Found a falchion.
Your horns disappear.
Your talons disappear.
You now have 170 gold pieces (gained 17).
You open the door.
Pikel and 4 lemures come into view.
Pikel is wielding a +1 whip of flaming and carrying a wand of acid (6).
The lemure shouts! x2; Pikel shouts!
The lemure shouts!
There are monsters nearby!
There are monsters nearby!
There are monsters nearby!
Pikel zaps a wand.
The bolt of acid hits you! The acid corrodes you!
Pikel zaps a wand.
The bolt of acid misses you. Something appears at your feet!
Pikel zaps a wand.
The bolt of acid hits you!!!
Ouch! That really hurt!
You die...

#.....#.....# #.....#
#.....#.....# #.....#
)†....#.....# #.....#...#
......#.....#####.....#...#
#.....##..............#...###
#......#..........[..)+.5...#
.......+......†.......#.....
.......#..............#.55
#.#.####........@..K5.#'##.#
###......#########...55....#
#......# #......#+#...
#......# #......+ #......#
#......# #......# #........
##.##### ##+####... #.# ....
#.# ....


You could see Pikel and 3 lemures.

Vanquished Creatures
  A scorpion (D:4)
  A hound (D:4)
  Jessica (D:3)
  Robin (D:2)
  3 adders
  An adder skeleton (D:4)
  2 worms (D:2)
  A dart slug (D:4)
  8 ball pythons
  2 endoplasms
  A giant cockroach (D:1)
  17 goblins
  8 hobgoblins
  2 jackals (D:2)
  2 quokkas
  9 bats
  2 frilled lizards
  9 kobolds
  5 rats
76 creatures vanquished.

Notes
Turn   | Place    | Note
-------+----------+-------------------------------------------
     0 | D:1      | siradein the Draconian Transmuter began the quest for the
                  | Orb.
     0 | D:1      | Reached XP level 1. HP: 16/16 MP: 3/3
   233 | D:1      | Reached XP level 2. HP: 22/23 MP: 3/5
   236 | D:1      | Learned a level 2 spell: Wereblood
   418 | D:1      | Found a faded altar of an unknown god.
   816 | D:2      | Reached XP level 3. HP: 29/29 MP: 4/6
   948 | D:2      | Learned a level 3 spell: Spider Form
   974 | D:2      | Noticed Robin
   986 | D:2      | Killed Robin
  1143 | D:2      | Reached XP level 4. HP: 36/36 MP: 5/7
  1639 | D:3      | Found Achaisi's Antique Weapon Boutique.
  2266 | D:3      | Noticed Jessica
  2276 | D:3      | Killed Jessica
  2277 | D:3      | Reached XP level 5. HP: 42/42 MP: 6/9
  2673 | D:4      | Identified 2 scrolls of acquirement
  2823 | D:4      | Noticed Pikel
  2823 | D:4      | Noticed a lemure
  2823 | D:4      | Noticed a lemure
  2823 | D:4      | Noticed a lemure
  2823 | D:4      | Noticed a lemure
  2830 | D:4      | Acquired the amulet of the Many Princes {rF+ Will+ Regen+
                  | Str+4 Int-2}
  2830 | D:4      | Killed from afar by Pikel

Illustrated notes

Levels and vault maps discovered:
D:1:      roderic_chinese_lattice_arrival, layout_rooms,
          shapermc_ecumenical_altar_mp_highgroup
D:2:      layout_loops_ring, uniq_robin
D:3:      layout_basic, serial_shops, shop, kennysheep_jessica_study
D:4:      layout_gridville, serial_shops, nicolae_shop_behind_doors,
          st_stairs_5, chequers_serial_rivers_micro_e, grunt_decor_mini_mirrors,
          lemuel_flame_loot_1, uniq_pikel

Skill      XL: |  1  2  3  4  5 |
---------------+----------------+-----
Dodging        | 2 |  2.9
Fighting       | 2 3 |  3.0
Transmutations | 3 |  3.2
Spellcasting   | 3 |  3.0
Unarmed Combat | |  3.9

Action                   |  1- 3 |  4- 6 || total
-------------------------+-------+-------++-------
Melee: Unarmed           |    87 |    54 ||   141
       Kick              |    16 |    19 ||    35
       Headbutt          |    13 |    12 ||    25
       Tailslap          |    12 |     8 ||    20
       Punch             |     2 |     2 ||     4
       Club              |       |    24 ||    24
 Cast: Beastly Appendage |    18 |    20 ||    38
       Wereblood         |     2 |     2 ||     4
  Use: Scroll            |       |     5 ||     5
 Stab: Sleeping          |     2 |       ||     2
Armor: Skin              |    13 |    22 ||    35
Dodge: Dodged            |    60 |    57 ||   117

Table legend: (Time is in decaauts)
 A = Elapsed time spent in this place.
 B = Non-inter-level travel time spent in this place.
 C = Inter-level travel time spent in this place.
 D = Time resting spent in this place.
 E = Time spent auto-exploring this place.
 F = Levels seen in this place.
 G = Mean time per level.
                   A        B        C        D        E       F      G
               +--------+--------+--------+--------+--------+-----+--------+
         Total |   2830 |   2733 |     97 |     10 |   2283 |   4 |  707.5 |
       Dungeon |   2830 |   2733 |     97 |     10 |   2283 |   4 |  707.5 |
               +--------+--------+--------+--------+--------+-----+--------+

Top non-repeatable levels by time:
     D:2: 921 daAuts
     D:3: 844 daAuts
     D:1: 625 daAuts
     D:4: 439 daAuts
